 Dungeon Crawl Stone Soup version 0.30.1-4-g462c640d31 (webtiles) character file.

Game seed: 7298691107806749639

459 Nick1 the Chopper (level 7, -2/55 HPs)
             Began as a Formicid Fighter on Sept 15, 2023.
             Was an Initiate of Okawaru.
             Slain by a killer bee (4 damage)
             ... on level 5 of the Dungeon.
             The game lasted 00:14:25 (3041 turns).

Nick1 the Chopper (Formicid Fighter)                Turns: 3041, Time: 00:14:26

Health: -2/55      AC: 11    Str: 23    XL:     7   Next: 28%
Magic:  7/7        EV:  8    Int:  7    God:    Okawaru [......]
Gold:   232        SH:  5    Dex: 13    Spells: 6/6 levels left

rFire   . . .        a - +1 war axe
rCold   . . .        c - +0 buckler
rNeg    . . .        e - +0 chain mail
rPois   .            (helmet unavailable)
rElec   .            (no cloak)
rCorr   +            (no gloves)
SInv    +            (no boots)
Will    .....        (no amulet) Stlth
                     p - ring of resist corrosion
HPRegen 0.29/turn    (no ring)
MPRegen 0.10/turn

%: no passive effects
@: mighty, lethally poisoned (-2 -> -18)
A: permanent stasis, dig shafts and tunnels, antennae 3, four strong arms,
iridescent scales 1
a: Dig, Shaft Self, Renounce Religion


You were on level 5 of the Dungeon.
You worshipped Okawaru.
Okawaru was noncommittal.
You visited 2 branches of the dungeon, and saw 6 of its levels.

You collected 232 gold pieces.

Inventory:

Hand Weapons
 a - a +1 war axe (weapon)
Missiles
 h - 3 atropa-tipped darts (quivered)
 u - 2 javelins
 w - 3 boomerangs
 x - 3 poisoned darts
Armour
 b - a +0 scale mail
 c - a +0 buckler (worn)
 e - a +0 chain mail (worn)
Jewellery
 k - a ring of wizardry
 o - a ring of ice
 p - a ring of resist corrosion (left hand)
Scrolls
 f - a scroll of noise {unknown}
 i - a scroll of fear {unknown}
 j - a scroll of amnesia
 l - a scroll of enchant weapon
 n - 2 scrolls of fog
 t - a scroll of silence {unknown}
Potions
 m - a potion of ambrosia {unknown}
 v - 2 potions of lignification
 z - a potion of attraction {unknown}


   Skills:
 * Level 4.6 Fighting
 * Level 5.2 Axes
 + Level 1.0 Throwing
 * Level 4.5 Armour
 + Level 0.2 Dodging
 + Level 0.2 Stealth
 * Level 5.1 Shields


You had 6 spell levels left.
You didn't know any spells.
Your spell library contained the following spells:

 Spells                   Type           Power      Damage    Failure   Level
 Lesser Beckoning         Tloc           0%         N/A       99%         2
 Poisonous Vapours        Pois/Air       0%         N/A       99%         2
 Gell's Gravitas          Tloc           0%         N/A       100%        3
 Mephitic Cloud           Conj/Pois/Air  0%         N/A       100%        3
 Teleport Other           Tloc           0%         N/A       100%        3
 Freezing Cloud           Conj/Ice/Air   0%         6-21      100%        5


Dungeon Overview and Level Annotations

Branches:
Dungeon (5/15)             Temple (1/1) D:4

Altars:
Elyvilon
Okawaru
Qazlal
Ru
Wu Jian
Yredelemnul
Zin

Shops:
D:4 *


Innate Abilities, Weirdness & Mutations

You cannot be hasted, slowed, berserked, paralysed or teleported.
You can dig through walls and to a lower floor.
You have a pair of large antennae on your head. (SInv)
Your four strong arms can wield two-handed weapons with a shield.
You are partially covered in iridescent scales. (AC +2)


Message History

The killer bee is severely wounded.
You closely miss the killer bee. The killer bee stings you.
The killer bee stings you but does no damage.
The jackal bites you.
The killer bee stings you but does no damage.
The killer bee barely misses you.
You closely miss the killer bee.
The killer bee is severely wounded.
You hit the killer bee. You hit the jackal. You block the killer bee's attack.
The killer bee stings you but does no damage.
The jackal bites you but does no damage.
The killer bee stings you!
You are poisoned.
The killer bee poisons you! You block the killer bee's attack.
The jackal bites you but does no damage.
You feel very mighty all of a sudden.
You feel very sick. You block the killer bee's attack.
The killer bee closely misses you. x2
The killer bee stings you but does no damage.
The killer bee stings you!
* * * LOW HITPOINT WARNING * * *
You are lethally poisoned!
The killer bee poisons you! The killer bee stings you.
* * * LOW HITPOINT WARNING * * *
You are more poisoned.
The killer bee poisons you!
The jackal bites you but does no damage.
The jackal bites you.
* * * LOW HITPOINT WARNING * * *
It was a potion of mutation.
You feel extremely strange.
You feel clumsy.
Iridescent scales grow over part of your body.
You feel agile.
* * * LOW HITPOINT WARNING * * *
You feel very sick.
The killer bee stings you but does no damage.
The killer bee completely misses you. You block the killer bee's attack.
The jackal bites you but does no damage.
The killer bee stings you.
You die...

..... ..#..
........ ..# .
. ...... ....
.. ...... ....
... .... ....
.... ...# ...
.....##..# # #.
......hyh##....
......h@y..$..(
........y.##[##
.............
.............>.
...............
..###.........#
. ##..#?...##
#$###....


You could see 3 killer bees and 3 jackals.

Vanquished Creatures
  Menkaure (D:5)
  A phantom (D:4)
  A scorpion (D:4)
  A jelly (D:5)
  A sleepcap (D:5)
  An orc wizard (D:3)
  5 adders
  A shadow imp (D:4)
  A dart slug (D:3)
  5 orcs
  6 endoplasms
  3 giant cockroaches
  9 goblins
  4 hobgoblins
  2 jackals (D:1)
  2 quokkas
  2 ball pythons
  2 bats (D:2)
  4 frilled lizards
  3 kobolds
  23 rats
78 creatures vanquished.

Notes
Turn   | Place    | Note
-------+----------+-------------------------------------------
     0 | D:1      | Nick1 the Formicid Fighter began the quest for the Orb.
     0 | D:1      | Reached XP level 1. HP: 18/18 MP: 1/1
   226 | D:1      | Reached XP level 2. HP: 24/24 MP: 2/2
   920 | D:2      | Reached XP level 3. HP: 22/29 MP: 3/3
  1432 | D:2      | Reached XP level 4. HP: 18/37 MP: 4/4
  1911 | D:4      | Noticed a phantom
  1929 | D:4      | Killed a phantom
  1930 | D:4      | Reached XP level 5. HP: 21/42 MP: 5/5
  2054 | D:4      | Found Zin's Purification Station.
  2067 | D:4      | Found a glowing silver altar of Zin.
  2194 | D:4      | Found a staircase to the Ecumenical Temple.
  2208 | Temple   | Entered the Ecumenical Temple
  2224 | Temple   | Became a worshipper of Warmaster Okawaru
  2285 | D:4      | Reached XP level 6. HP: 46/49 MP: 6/6
  2430 | D:3      | Found a faded altar of an unknown god.
  2977 | D:5      | Entered Level 5 of the Dungeon
  2991 | D:5      | Noticed Menkaure
  2999 | D:5      | Reached skill level 5 in Shields
  3000 | D:5      | Killed Menkaure
  3001 | D:5      | Reached skill level 5 in Axes
  3001 | D:5      | Reached skill level 1 in Throwing
  3001 | D:5      | Reached XP level 7. HP: 35/55 MP: 7/7
  3041 | D:5      | Gained mutation: You are clumsy. (Dex -2) [potion of
                  | mutation]
  3041 | D:5      | Gained mutation: You are partially covered in iridescent
                  | scales. (AC +2) [potion of mutation]
  3041 | D:5      | Lost mutation: You are clumsy. (Dex -2) [potion of
                  | mutation]
  3041 | D:5      | HP: 2/55 [poisoned by a killer bee]
  3041 | D:5      | Slain by a killer bee

Illustrated notes

Levels and vault maps discovered:
D:1:      dpeg_arrival_boxorama, layout_loops_ring, minivault_24
D:2:      cheibrodos_helix_gallery, layout_basic, minmay_rat_hole
D:3:      layout_basic, hellmonk_ecumenical_altar_arch_garden
D:4:      layout_rooms, zin_purify, minmay_temple_entry_mist
D:5:      layout_cave_pools, jmf_multi_god_temple2, gammafunk_ghost_hive,
          nrook_uturn, uniq_menkaure
Temple:   regret_index_temple_waves

Skill      XL: |  1  2  3  4  5  6 |
---------------+-------------------+-----
Axes           | 3 4 5 |  5.2
Fighting       | 4 |  4.6
Armour         | 4 |  4.5
Shields        | 5 |  5.1
Throwing       | 1 |  1.0
Dodging        | |  0.2
Stealth        | |  0.2

Action                     |  1- 3 |  4- 6 |  7- 9 || total
---------------------------+-------+-------+-------++-------
  Melee: War axe           |    81 |    86 |     3 ||   170
  Throw: Dart              |     4 |    10 |     1 ||    15
         Javelin           |       |    18 |       ||    18
    Use: Scroll            |       |     6 |       ||     6
         Potion            |       |       |     2 ||     2
   Stab: Invisible         |       |     2 |       ||     2
 Armour: Chain mail        |    51 |    38 |    11 ||   100
  Dodge: Dodged            |    33 |    22 |     4 ||    59
  Block: Buckler           |    24 |    22 |     4 ||    50
